 Dungeon Crawl Stone Soup version 0.17.0-28-g6e173f8 (webtiles) character file.

288087 inmateoo the Executioner (level 19, 0/194 HPs)
             Began as a Minotaur Gladiator on Nov 22, 2015.
             Was the Champion of Jiyva.
             Killed from afar by a deep elf high priest (32 damage)
             ... with a burst of hellfire
             ... on level 5 of the Vaults.
             The game lasted 01:18:16 (36082 turns).

inmateoo the Executioner (Minotaur Gladiator)      Turns: 36082, Time: 01:18:16

Health: 0/194      AC: 29    Str: 31    XL:     19   Next: 87%
Magic:  25/25      EV: 26    Int: 11    God:    Jiyva [******]
Gold:   1777       SH:  0    Dex: 20    Spells: 0 memorised, 18 levels left

rFire  + + .     SeeInvis .     E - +6 battleaxe (elec)
rCold  + . .     Clarity  .     W - +6 plate armour {rF+}
rNeg   . . .     SustAt   .     (shield currently unavailable)
rPois  +         Gourm    .     (helmet restricted)
rElec  +         Spirit   .     V - +2 cloak {rPois}
rCorr  +         Warding  .     c - +1 pair of gloves
rMut   .         Stasis   .     s - +0 pair of boots {Fly}
MR     +++..                    T - amulet of Vitality {Regen+ HP+15}
Stlth  ..........               J - ring of protection from magic
                                O - ring of Zaran {*Drain rC+ MR+ Str+4 Slay+3}

@: mighty, agile, extremely resistant to hostile enchantments, extremely
unstealthy
A: retaliatory headbutt, claws 1, horns 2, rugged brown scales 1, clever 1, fire
resistance 1, sense surroundings 1, electricity resistance, strong 1, acidic
bite, eyeballs 2, pseudopods 1, tendrils, jelly sensing items, jelly absorbing
missiles
a: Request Jelly, Jelly Paralyse, Slimify, Cure Bad Mutation, Renounce Religion,
Evoke Flight
}: 2/15 runes: slimy, gossamer


You were on level 5 of the Vaults.
You worshipped Jiyva.
Jiyva was exalted by your worship.
You were full.

You visited 7 branches of the dungeon, and saw 42 of its levels.
You also visited: Labyrinth, Bailey, Ice Cave and Volcano.

You collected 3463 gold pieces.
You spent 1686 gold pieces at shops.

Inventory:

Hand Weapons
 a - the +6 broad axe "Hischagg" {chop, Dex-3 SInv Stlth+}
   (You took it off an orc wizard on level 1 of the Vaults)

   It inflicts extra damage upon your enemies.
   It affects your dexterity (-3).
   It lets you see invisible.
   It makes you more stealthy.
 o - a +2 battleaxe of flaming
 E - a +6 battleaxe of electrocution (weapon)
 R - a +0 battleaxe of freezing
Missiles
 d - 5 throwing nets (quivered)
Armour
 c - a +1 pair of gloves (worn)
 f - a +2 hat
 s - a +0 pair of boots of flying (worn)
 Q - a +2 cloak of cold resistance
 V - a +2 cloak of poison resistance (worn)
 W - a +6 plate armour of fire resistance (worn)
Rods
 z - a +1 rod of shadows (10/10)
   (You found it in a labyrinth)
 K - a +3 rod of ignition (10/10)
   (You found it on level 6 of the Pits of Slime)
Jewellery
 j - an uncursed ring of see invisible
 l - a +2 ring of evasion {unknown}
 t - an uncursed ring of protection from cold
 u - an uncursed amulet of guardian spirit
 y - the ring of Beketo {rPois MP+9 Str-5 Dex+6 Slay+3}
   (You found it on level 4 of the Spider Nest)

   [ring of magical power]

   It affects your strength (-5).
   It affects your dexterity (+6).
   It affects your accuracy and damage with ranged weapons and melee attacks
   (+3).
   It protects you from poison.
   It affects your magic capacity (+9).
 A - an uncursed amulet of clarity
 J - a ring of protection from magic (right hand)
 O - the ring of Zaran (left hand) {*Drain rC+ MR+ Str+4 Slay+3}
   (You found it on level 12 of the Dungeon)

   [ring of strength]

   It affects your strength (+4).
   It affects your accuracy and damage with ranged weapons and melee attacks
   (+3).
   It protects you from cold.
   It affects your resistance to hostile enchantments.
   It causes draining when unequipped.
 T - the amulet of Vitality (around neck) {Regen+ HP+15}
   (You found it on level 6 of the Pits of Slime)

   [amulet of regeneration]

   It affects your health (+15).
   It increases your rate of regeneration.
 Y - an uncursed ring of protection from fire
Wands
 k - a wand of enslavement (3)
 x - a wand of fire (1)
 S - a wand of disintegration (8)
Scrolls
 b - 5 scrolls of fog
 h - 5 scrolls of amnesia
 n - 10 scrolls of remove curse
 v - 13 scrolls of teleportation
 B - 5 scrolls of magic mapping
 H - 4 scrolls of recharging
 M - 3 scrolls of silence
 N - a scroll of holy word
 P - a scroll of brand weapon
Potions
 i - 4 potions of heal wounds
 m - a potion of haste
 p - 2 potions of resistance
 q - 4 potions of magic
 r - 4 potions of agility
 w - 3 potions of might
 C - 4 potions of cancellation
 D - 11 potions of curing
 F - 3 potions of brilliance
 G - a potion of invisibility
 L - 5 potions of flight
 U - 3 potions of berserk rage
Comestibles
 e - 13 bread rations
 g - 18 meat rations
 I - 3 fruits
 Z - a royal jelly


   Skills:
 + Level 16.9 Fighting
 * Level 24.5 Axes
 - Level 2.0 Throwing
 + Level 18.8 Armour
 + Level 16.4 Dodging
 + Level 10.1 Evocations


You had 18 spell levels left.
You didn't know any spells.

Dungeon Overview and Level Annotations

Branches:
Dungeon (14/15)            Temple (1/1) D:5            Lair (8/8) D:9
 Shoals (0/4) Lair:4       Spider (4/4) Lair:4        Slime (6/6) Lair:7
    Orc (4/4) D:12            Elf (0/3) Orc:4        Vaults (5/5) D:14
  Crypt (0/3) Vaults:3

Altars:
Ashenzari
Cheibriados
Dithmenos
Elyvilon
Fedhas
Gozag
Kikubaaqudgha
Makhleb
Nemelex Xobeh
Okawaru
Qazlal
Ru
Sif Muna
Trog
Vehumet
Xom
Yredelemnul
Zin
The Shining One
Beogh
Jiyva

Shops:
D:4 *   D:10 [   Orc:4 (=[*   Vaults:1 !   Vaults:2 [   Vaults:3 (

Annotations:
D:13 1 exclusion
Lair:8 3 exclusions
Spider:4 Mara
Slime:6 Royal Jelly


Innate Abilities, Weirdness & Mutations

You reflexively headbutt those who attack you in melee.
You have a pair of horns on your head.
You have sharp fingernails.
You are partially covered in rugged brown scales (AC +1, +3% HP).
Your mind is acute. (Int +2)
Your flesh is heat resistant.
You passively map a small area around you.
You are resistant to electric shocks.
Your muscles are strong. (Str +2)
You have acidic saliva.
Your body is mostly covered in golden eyeballs (Acc +5).
Armour fits poorly on your pseudopods.
You are covered in slimy tendrils that may disarm your opponents.
You have a small jelly attached to you that senses nearby items.
You have a small jelly attached to you that may absorb incoming projectiles.


Message History

You bludgeon the deep elf high priest, but do no damage.
The deep elf high priest is severely wounded.
You completely miss the stone giant.
The stone giant is heavily wounded.
The ynoxinul gestures.
The stone giant hits you!!
* * * LOW HITPOINT WARNING * * *
The eyeballs on your body gaze at the stone giant.
Unknown command.
Unknown command.
Your plate armour prevents you from hitting the deep elf high priest.
You headbutt the deep elf high priest!
Your bite misses the deep elf high priest.
You bludgeon the deep elf high priest, but do no damage.
The deep elf high priest is severely wounded.
You slice the stone giant!!
The stone giant is severely wounded.
The deep elf high priest calls down the wrath of its god upon you.
The hellfire explodes!
The burst of hellfire engulfs you!
You die...

# #...C.... ..
#.,*#......3., , .. #.
##........, ,, .
#..#.....C.o. , .
#.5#......... , *
#...3o.D# *
#.554##################
#...oe.................
#..53C@................
#######################


You could see a stone giant (confused), an ice devil, an orange demon, a deep
elf high priest, a ynoxinul, an orc warrior and 4 ufetubi.

Vanquished Creatures
  Norris (Vaults:2)
  A golden dragon (Vaults:5)
  A tentacled monstrosity (Vaults:5)
  Asterion (Vaults:2)
  Gastronok (Lair:1)
  2 sphinxes
  A tengu reaver (Vaults:5)
  A shadow dragon (Vaults:5)
  A storm dragon (Vaults:5)
  2 fire giants
  Maud (Lair:6)
  3 frost giants
  6 emperor scorpions (Spider:4)
  A ghost moth (Spider:4)
  Aizul (Vaults:2)
  7 vault wardens
  A war gargoyle (Vaults:5)
  12 stone giants
  15 ironheart preservers
  4 very ugly things
  2 deep elf demonologists
  A salamander stormcaller (Vaults:4)
  3 deep elf annihilators
  Azrael (Spider:2)
  A deep elf death mage (Vaults:4)
  3 ettins
  A fire dragon (Vaults:3)
  28 vault guards
  Josephine (Lair:7)
  A minotaur (Lab)
  A deep elf high priest (Vaults:4)
  The ghost of 4thArraOfDagon the Severer, a journeyman MiBe of Trog (Lair:8)
  2 entropy weavers
  An ice dragon (Vaults:4)
  8 yaktaur captains
  Fannar (Orc:1)
  6 hydras
  Harold (Orc:1)
  A rakshasa (Vaults:2)
  7 centaur warriors
  A death knight (Vaults:3)
  Erolcha (Orc:2)
  7 ogre magi
  The ghost of George the Basher, a journeyman GrFi of Okawaru (D:9)
  A dancing weapon (Vaults:5)
  A deep troll earth mage (Vaults:4)
  11 death yaks
  Urug (D:14)
  2 deep elf knights (Vaults:4)
  3 fire crabs
  2 shadow wraiths
  5 skeletal warriors (Vaults:1)
  13 deep trolls
  A lindwurm (Volcano)
  A flayed ghost (Vaults:3)
  A deep elf summoner (Vaults:2)
  4 wizards
  3 phantasmal warriors
  An unseen horror (D:10)
  A lindwurm (shapeshifter) (Vaults:3)
  11 hill giants
  8 ironbrand convokers
  12 orc knights
  19 wolf spiders
  A moth of wrath (Spider:4)
  2 necromancers
  A hornet (Spider:2)
  18 orb spiders
  7 orc sorcerers
  A stone giant zombie (Vaults:1)
  23 ugly things
  5 cyclopes
  3 manticores
  5 griffons
  A cyclops (shapeshifter) (Vaults:1)
  An octopode (shapeshifter) (Vaults:2)
  A stone giant skeleton (Vaults:1)
  17 elephants
  2 molten gargoyles (Volcano)
  An ice statue (IceCv)
  10 spiny frogs
  5 black mambas
  A salamander skeleton (Vaults:1)
  A spiny frog (shapeshifter) (Vaults:4)
  An eye of devastation (shapeshifter) (D:14)
  2 torpor snails
  14 vault sentinels
  6 gargoyles
  2 kobold demonologists
  16 two-headed ogres
  A human skeleton (Vaults:1)
  8 deep elf priests
  3 trolls
  5 komodo dragons
  16 freezing wraiths
  A spriggan druid (Lair:8)
  15 yaktaurs
  4 demonic crawlers (Spider:4)
  8 polar bears
  A wind drake (shapeshifter) (Vaults:2)
  21 blink frogs
  Prince Ribbit (D:9)
  6 boulder beetles
  17 jumping spiders
  17 slime creatures
  17 tarantellas
  A vampire (D:13)
  17 trapdoor spiders
  11 spriggans (Lair:8)
  5 wyverns
  5 deep elf magi
  38 redbacks
  6 wraiths
  A basilisk (shapeshifter) (Vaults:3)
  Eustachio (D:6)
  25 wolves
  3 basilisks
  13 hippogriffs
  48 yaks
  A soldier ant (D:10)
  A hungry ghost (D:11)
  5 fire elementals
  7 vampire mosquitoes
  12 deep elf fighters
  5 wargs
  Edmund (D:5)
  A mottled dragon (Vaults:2)
  14 water moccasins
  A soldier ant (shapeshifter) (Vaults:3)
  An entropy weaver simulacrum (Vaults:3)
  47 orc warriors
  4 sky beasts
  An ogre skeleton (Vaults:1)
  2 hell hounds (Spider:2)
  29 spiders
  20 ice beasts
  An eye of draining (D:11)
  3 phantoms
  8 porcupines
  3 wasps (Lair:8)
  12 black bears
  29 ogres
  3 boggarts (Vaults:2)
  3 necrophages
  17 centaurs
  19 crocodiles
  15 giant frogs
  4 big kobolds
  The ghost of Raultor the Skirmisher, an amateur VSBe of Trog (D:3)
  A wyvern zombie (D:6)
  A water moccasin zombie (D:7)
  A scorpion (D:6)
  An elephant simulacrum (IceCv)
  15 wights
  26 killer bees
  5 draconian simulacra (IceCv)
  3 electric eels (Bailey)
  A wasp zombie (D:13)
  3 centaur zombies
  7 crimson imps
  5 jellies
  A giant frog skeleton (D:13)
  2 centaur skeletons
  25 orc wizards
  28 orc priests
  Jessica (D:13)
  5 hounds
  7 iguanas
  Terence (D:2)
  11 worker ants
  5 troll simulacra (IceCv)
  3 wolf simulacra (IceCv)
  2 killer bee zombies
  3 centaur simulacra (IceCv)
  3 spriggan simulacra (IceCv)
  30 sheep
  A hound skeleton (D:11)
  2 worker ant zombies
  4 mummies
  4 adders
  3 gnolls (Bailey)
  3 ogre simulacra (IceCv)
  82 river rats
  8 shadow imps
  A naga simulacrum (IceCv)
  13 white imps
  2 oozes
  2 adder zombies (D:7)
  2 worms
  5 giant geckos
  162 orcs
  2 ball pythons
  11 bats
  14 hobgoblins
  4 quokkas
  4 giant cockroaches
  5 giant newts
  22 goblins
  11 jackals
  11 kobolds
  A quokka skeleton (D:4)
  A quokka zombie (D:5)
  12 rats
  A fire vortex (Vaults:4)
  20 fungi
  11 plants
  A spectral weapon (Vaults:2)
1598 creatures vanquished.

Vanquished Creatures (others)
  4 acid blobs
  A death ooze (Vaults:2)
  2 ironheart preservers
  A vault guard (Vaults:1)
  An ettin (Vaults:2)
  2 great orbs of eyes
  2 ogre magi
  2 orc high priests (Orc:4)
  A deep elf summoner (Vaults:1)
  An ironbrand convoker (Vaults:1)
  An orc knight (Orc:4)
  A shining eye (Slime:1)
  An orc sorcerer (Orc:4)
  A vault sentinel (Vaults:3)
  A yaktaur (Vaults:3)
  A jumping spider (Vaults:4)
  52 slime creatures
  5 redbacks
  A deep elf mage (Vaults:1)
  A deep elf fighter (Vaults:1)
  3 vampire mosquitoes
  5 orc warriors
  A water moccasin (Lair:2)
  7 ogres
  A spider (Spider:4)
  2 boggarts (Vaults:2)
  A centaur (Vaults:2)
  A crocodile (Lair:8)
  111 jellies
  7 orc priests
  4 orc wizards
  A worker ant (D:10)
  12 orcs
  13 fungi
  3 plants (Lair:4)
254 creatures vanquished.

Grand Total: 1852 creatures vanquished

Notes
Turn   | Place    | Note
--------------------------------------------------------------
     0 | D:1      | inmateoo the Minotaur Gladiator began the quest for the Orb.
     0 | D:1      | Reached XP level 1. HP: 18/18 MP: 0/0
   106 | D:1      | Reached skill level 4 in Axes
   109 | D:1      | Reached skill level 1 in Armour
   110 | D:1      | Reached XP level 2. HP: 12/25 MP: 1/1
   926 | D:2      | Noticed Terence
   929 | D:2      | Killed Terence
   929 | D:2      | Reached skill level 5 in Axes
   929 | D:2      | Reached XP level 3. HP: 30/30 MP: 2/2
  1058 | D:2      | Found a basalt altar of Yredelemnul.
  1303 | D:3      | Found a shimmering altar of Xom.
  1303 | D:3      | Found a glowing silver altar of Zin.
  1307 | D:3      | Found a blossoming altar of Fedhas.
  1307 | D:3      | Found a white marble altar of Elyvilon.
  1375 | D:3      | Noticed Raultor's ghost (amateur VSBe)
  1385 | D:3      | Killed Raultor's ghost
  1385 | D:3      | Reached XP level 4. HP: 27/37 MP: 1/3
  1422 | D:3      | Reached skill level 6 in Axes
  1468 | D:3      | Reached XP level 5. HP: 40/42 MP: 4/4
  2189 | D:4      | Noticed a phantom
  2195 | D:4      | Found a shadowy altar of Dithmenos.
  2198 | D:4      | Killed a phantom
  2198 | D:4      | Reached skill level 7 in Axes
  2198 | D:4      | Reached XP level 6. HP: 39/50 MP: 3/5
  2322 | D:4      | Noticed a phantom
  2369 | D:4      | Killed a phantom
  2583 | D:4      | Found Fycselis's General Store.
  2586 | D:4      | Bought a potion of agility for 44 gold pieces
  2705 | D:5      | Entered Level 5 of the Dungeon
  2733 | D:5      | Found an iron altar of Okawaru.
  2940 | D:5      | Noticed Edmund
  2949 | D:5      | Reached skill level 8 in Axes
  2951 | D:5      | Reached XP level 7. HP: 52/56 MP: 6/6
  2964 | D:5      | Reached skill level 5 in Armour
  2965 | D:5      | Killed Edmund
  3064 | D:5      | Found a staircase to the Ecumenical Temple.
  3106 | Temple   | Entered the Ecumenical Temple
  3297 | D:5      | Reached skill level 9 in Axes
  3404 | D:6      | Gained mutation: You are occasionally teleported to nearby monsters. [mutagenic meat]
  3405 | D:6      | Gained mutation: You are partially covered in large bone plates (AC +2, SH +2). [mutagenic meat]
  3406 | D:6      | Gained mutation: Your flesh is cold resistant. [mutagenic meat]
  3407 | D:6      | Gained mutation: Your magical capacity is low (-10% MP). [mutagenic meat]
  3408 | D:6      | Gained mutation: Your spells are a little easier to cast, but a little less powerful. [mutagenic meat]
  3472 | D:6      | Reached XP level 8. HP: 58/62 MP: 6/6
  3510 | D:6      | Found a radiant altar of Vehumet.
  3524 | D:6      | Reached skill level 10 in Axes
  3588 | D:6      | Reached skill level 11 in Axes
  3594 | D:6      | Noticed Eustachio
  3599 | D:6      | Gained mutation: You have a pair of large horns on your head. [mutagenic meat]
  3608 | D:6      | Killed Eustachio
  3899 | D:6      | Reached XP level 9. HP: 68/68 MP: 7/7
  4020 | D:7      | Reached skill level 12 in Axes
  4024 | D:7      | Found a bloodstained altar of Trog.
  4972 | D:8      | Reached skill level 13 in Axes
  4979 | D:8      | Reached skill level 5 in Dodging
  5270 | D:8      | Reached XP level 10. HP: 80/80 MP: 8/8
  5303 | D:8      | Reached skill level 5 in Fighting
  5400 | D:8      | Noticed a three-headed hydra
  5785 | D:9      | Found a staircase to the Lair.
  6038 | D:9      | Noticed George's ghost (journeyman GrFi)
  6170 | D:9      | Killed George's ghost
  6291 | D:9      | Found a snail-covered altar of Cheibriados.
  6385 | D:9      | Noticed Prince Ribbit
  6451 | D:9      | Killed Prince Ribbit
  6717 | D:10     | Entered Level 10 of the Dungeon
  6898 | D:10     | Reached skill level 14 in Axes
  6898 | D:10     | Reached skill level 10 in Armour
  6904 | D:10     | Found Vaotaici's Armour Emporium.
  6912 | D:10     | Reached skill level 15 in Axes
  6912 | D:10     | Reached XP level 11. HP: 88/94 MP: 8/8
  6929 | D:10     | Bought a +1 robe of cold resistance for 190 gold pieces
  6989 | D:10     | Noticed a hill giant
  7002 | D:10     | Killed a hill giant
  7297 | D:10     | Killed an unseen horror
  7598 | D:10     | Reached XP level 12. HP: 93/103 MP: 9/9
  7942 | D:11     | Reached skill level 16 in Axes
  8278 | D:12     | Noticed a centaur warrior
  8289 | D:12     | Killed a centaur warrior
  8335 | D:12     | Got a slimy wooden ring
  8505 | D:12     | Found a staircase to the Orcish Mines.
  8813 | D:12     | Identified the ring of Zaran {*Drain rC+ MR+ Str+4 Slay+3} (You found it on level 12 of the Dungeon)
  9758 | D:13     | Noticed Jessica
  9785 | D:13     | Reached skill level 17 in Axes
  9793 | D:13     | Found a frozen archway.
  9796 | D:13     | Reached skill level 10 in Fighting
  9819 | IceCv    | Entered an ice cave
  9884 | IceCv    | Reached skill level 10 in Dodging
  9884 | IceCv    | Reached XP level 13. HP: 107/113 MP: 10/10
  9938 | IceCv    | Found an ancient bone altar of Kikubaaqudgha.
 10351 | D:13     | Noticed a centaur warrior
 10358 | D:13     | Killed a centaur warrior
 10627 | D:13     | Killed Jessica
 10630 | D:13     | Found a deep blue altar of Sif Muna.
 10830 | D:14     | Noticed Urug
 10842 | D:14     | Killed Urug
 10993 | D:14     | Found a gate to the Vaults.
 11070 | D:14     | Found a flagged portal.
 11112 | Bailey   | Entered a bailey
 11157 | Bailey   | Reached skill level 18 in Axes
 11168 | Bailey   | Found an iron altar of Okawaru.
 11453 | Bailey   | Got a pair of ichor-stained boots
 11459 | Bailey   | Identified the -5 pair of boots of the Evil One {+Blink MP-9 Int+2 Dex-4} (You acquired it in a bailey)
 11588 | Bailey   | Got a shimmering hand axe
 11632 | Bailey   | Gained mutation: Scrolls take you a little longer to read. [potion of mutation]
 11632 | Bailey   | Lost mutation: Your magical capacity is low (-10% MP). [potion of mutation]
 11633 | Bailey   | Gained mutation: Scrolls take you longer to read. [potion of mutation]
 11633 | Bailey   | Gained mutation: Armour fits poorly on your strangely shaped body. [potion of mutation]
 11731 | D:14     | Identified the +8 hand axe of Yreletix {flame, rC- Str+2 Dex+4} (You found it in a bailey)
 11922 | D:14     | Gained mutation: You occasionally shout uncontrollably at your foes. [mutagenic meat]
 12447 | Lair:1   | Entered Level 1 of the Lair of Beasts
 12456 | Lair:1   | Reached XP level 14. HP: 122/124 MP: 13/13
 12555 | Lair:1   | Found a labyrinth entrance.
 12563 | Lab      | Entered a labyrinth
 12839 | Lair:1   | Identified a +1 rod of shadows (10/10) (You found it in a labyrinth)
 12984 | Lair:1   | Noticed Gastronok
 12998 | Lair:1   | Killed Gastronok
 14146 | Lair:3   | Reached skill level 19 in Axes
 14816 | Lair:4   | Found a hole to the Spider Nest.
 14872 | Lair:4   | Found a staircase to the Shoals.
 16325 | Lair:6   | Noticed Maud
 16338 | Lair:6   | Killed Maud
 16785 | Lair:7   | Found a viscous altar of Jiyva.
 16785 | Lair:7   | Found a staircase to the Slime Pits.
 16899 | Lair:7   | Reached skill level 1 in Evocations
 16961 | Lair:7   | Reached XP level 15. HP: 127/134 MP: 14/14
 17113 | Lair:7   | Noticed Josephine
 17125 | Lair:7   | Killed Josephine
 17152 | Lair:7   | Reached skill level 20 in Axes
 17163 | Lair:7   | Reached skill level 15 in Armour
 17573 | Lair:8   | Entered Level 8 of the Lair of Beasts
 17615 | Lair:8   | Noticed 4thArraOfDagon's ghost (journeyman MiBe)
 17628 | Lair:8   | Killed 4thArraOfDagon's ghost
 17921 | Lair:8   | Found a dark tunnel.
 17926 | Volcano  | Entered a volcano
 18765 | Slime:1  | Entered Level 1 of the Pits of Slime
 18770 | Lair:7   | Became a worshipper of Jiyva Jokkaufa the Shapeless
 19384 | Lair:7   | Reached * piety under Jiyva
 19742 | Lair:8   | Reached ** piety under Jiyva
 19861 | Lair:8   | Reached *** piety under Jiyva
 19861 | Lair:8   | Gained mutation: You have a small jelly attached to you that senses nearby items. [Jiyva's grace]
 20386 | Lair:6   | Gained mutation: You are resistant to hostile enchantments. [Jiyva's grace]
 20388 | Lair:6   | Reached **** piety under Jiyva
 21626 | Lair:4   | Gained mutation: You have a small jelly attached to you that may absorb incoming projectiles. [Jiyva's grace]
 23400 | D:9      | Gained mutation: Armour fits poorly on your pseudopods. [Jiyva's grace]
 23889 | D:10     | Lost mutation: Scrolls take you longer to read. [Jiyva's grace]
 23889 | D:10     | Reached ***** piety under Jiyva
 24103 | Orc:1    | Entered Level 1 of the Orcish Mines
 24133 | Orc:1    | Lost mutation: Armour fits poorly on your strangely shaped body. [Jiyva's grace]
 24240 | Orc:2    | Found a roughly hewn altar of Beogh.
 24272 | Orc:2    | Gained mutation: Your muscles are strong. (Str +2) [Jiyva's grace]
 24280 | Orc:2    | Reached ****** piety under Jiyva
 24282 | Orc:2    | Noticed Erolcha
 24282 | Orc:2    | Gained mutation: Your body is partially covered in golden eyeballs (Acc +3). [Jiyva's grace]
 24419 | Orc:2    | Gained mutation: Your skin is partially translucent (Stealth, -foe acc). [Jiyva's grace]
 24442 | Orc:2    | Killed Erolcha
 24463 | Orc:2    | Lost mutation: You have a pair of large horns on your head. [Jiyva's grace]
 24788 | Orc:1    | Noticed Fannar
 24801 | Orc:1    | Noticed Harold
 24807 | Orc:1    | Killed Fannar
 24819 | Orc:1    | Killed Harold
 25082 | Orc:1    | Gained mutation: You are covered in slimy tendrils that may disarm your opponents. [Jiyva's grace]
 25119 | Orc:1    | Lost mutation: You have a small jelly attached to you that senses nearby items. [Jiyva's grace]
 25163 | Orc:1    | Lost mutation: Scrolls take you a little longer to read. [Jiyva's power]
 25199 | Orc:3    | Reached XP level 16. HP: 133/145 MP: 14/18
 25217 | Orc:3    | Lost mutation: You occasionally shout uncontrollably at your foes. [Jiyva's power]
 25224 | Orc:3    | Lost mutation: Your body is partially covered in golden eyeballs (Acc +3). [Jiyva's grace]
 25229 | Orc:3    | Lost mutation: Your spells are a little easier to cast, but a little less powerful. [Jiyva's power]
 25239 | Orc:3    | Lost mutation: You are covered in slimy tendrils that may disarm your opponents. [Jiyva's grace]
 25361 | Orc:3    | Gained mutation: You are mostly covered in large bone plates (AC +3, SH +3). [Jiyva's grace]
 25705 | Orc:4    | Entered Level 4 of the Orcish Mines
 25713 | Orc:4    | Found a staircase to the Elven Halls.
 25721 | Orc:4    | Found a roughly hewn altar of Beogh.
 25919 | Orc:4    | Lost mutation: You are resistant to hostile enchantments. [Jiyva's grace]
 25956 | Orc:4    | Lost mutation: You are mostly covered in large bone plates (AC +3, SH +3). [Jiyva's grace]
 25967 | Orc:4    | Lost mutation: Your skin is partially translucent (Stealth, -foe acc). [Jiyva's grace]
 25984 | Orc:4    | Gained mutation: You have sharp fingernails. [Jiyva's grace]
 25995 | Orc:4    | Gained mutation: You have an increased reservoir of magic (+10% MP). [Jiyva's grace]
 26007 | Orc:4    | Noticed an acid blob
 26007 | Orc:4    | an orc high priest changed into an acid blob
 26022 | Orc:4    | Gained mutation: You passively map a small area around you. [Jiyva's grace]
 26026 | Orc:4    | Reached skill level 21 in Axes
 26050 | Orc:4    | Lost mutation: You are partially covered in large bone plates (AC +2, SH +2). [Jiyva's grace]
 26124 | Orc:4    | Gained mutation: Armour fits poorly on your large pseudopods. [Jiyva's grace]
 26132 | Orc:4    | Found Laicibats's General Store.
 26133 | Orc:4    | Found Deikhley's Jewellery Shoppe.
 26135 | Orc:4    | Found Hous's Antique Armour Shoppe.
 26135 | Orc:4    | Found Syubloutt's Antique Weapon Emporium.
 26178 | Orc:4    | Gained mutation: Your flesh is very cold resistant. [Jiyva's grace]
 26188 | Orc:4    | Bought an uncursed ring of see invisible for 180 gold pieces
 26189 | Orc:4    | Bought an uncursed amulet of clarity for 260 gold pieces
 26189 | Orc:4    | Bought 2 scrolls of magic mapping for 91 gold pieces
 26189 | Orc:4    | Bought a scroll of identify for 26 gold pieces
 26705 | D:11     | Lost mutation: Your flesh is very cold resistant. [Jiyva's grace]
 26940 | Slime:1  | Noticed an acid blob
 26992 | Slime:6  | Entered Level 6 of the Pits of Slime
 27001 | Slime:6  | Noticed an acid blob
 27003 | Slime:6  | Noticed an acid blob
 27005 | Slime:6  | Noticed an acid blob
 27013 | Slime:6  | Found a viscous altar of Jiyva.
 27013 | Slime:6  | Noticed an acid blob
 27013 | Slime:6  | Noticed an acid blob
 27015 | Slime:6  | Noticed the royal jelly
 27019 | Slime:6  | Gained mutation: You can spit weak poison. [Jiyva's grace]
 27027 | Slime:6  | Lost mutation: You have sharp fingernails. [Jiyva's grace]
 27034 | Slime:6  | Noticed an acid blob
 27038 | Slime:6  | Got a slimy rune of Zot
 27049 | Slime:6  | Noticed an acid blob
 27062 | Slime:6  | Killed an acid blob
 27065 | Slime:6  | Lost mutation: Armour fits poorly on your large pseudopods. [Jiyva's grace]
 27068 | Slime:6  | Identified Zohuejoq's Catalogue of Ice (You found it on level 6 of the Pits of Slime)
 27127 | Slime:6  | Killed an acid blob
 27140 | Slime:3  | Noticed an acid blob
 27170 | Slime:1  | Noticed an azure jelly
 27170 | Slime:1  | Noticed an acid blob
 27184 | Slime:1  | Killed an acid blob
 27202 | Slime:1  | Noticed an acid blob
 27339 | Spider:1 | Entered Level 1 of the Spider Nest
 27486 | Spider:1 | Gained mutation: You are robust (+10% HP). [Jiyva's grace]
 28067 | Spider:1 | Gained mutation: Your system is resistant to poisons. [Jiyva's grace]
 28735 | Spider:2 | Noticed Azrael
 28750 | Spider:2 | Killed Azrael
 28996 | Spider:2 | Reached skill level 5 in Evocations
 29298 | Spider:3 | Noticed Wiglaf
 29308 | Spider:3 | Slimified Wiglaf
 29308 | Spider:3 | Noticed Wiglaf
 29308 | Spider:3 | Wiglaf changed into Wiglaf the acid blob
 29308 | Spider:3 | Gained mutation: You occasionally shout uncontrollably at your foes. [Jiyva's grace]
 29665 | Spider:4 | Entered Level 4 of the Spider Nest
 29757 | Spider:4 | Lost mutation: You occasionally shout uncontrollably at your foes. [Jiyva's power]
 29819 | Spider:4 | Got a faintly glowing iron ring
 29867 | Spider:4 | Identified the ring of Beketo {rPois MP+9 Str-5 Dex+6 Slay+3} (You found it on level 4 of the Spider Nest)
 30128 | Spider:4 | Gained mutation: You are covered in slimy tendrils that may disarm your opponents. [Jiyva's grace]
 30402 | Spider:4 | Gained mutation: You are covered in fur (AC +1). [Jiyva's grace]
 30633 | Spider:4 | Reached XP level 17. HP: 167/169 MP: 22/22
 30654 | Spider:4 | Reached skill level 22 in Axes
 30751 | Spider:4 | Got a gossamer rune of Zot
 30888 | Spider:4 | Noticed Mara
 30893 | Spider:4 | Noticed inmateoo's illusion
 31353 | Vaults:1 | Entered Level 1 of the Vaults
 31469 | Vaults:1 | Found Cishumup's Distillery.
 31476 | Vaults:1 | Bought a potion of magic for 144 gold pieces
 31476 | Vaults:1 | Bought a potion of agility for 72 gold pieces
 31476 | Vaults:1 | Bought a potion of berserk rage for 90 gold pieces
 31476 | Vaults:1 | Bought a potion of curing for 54 gold pieces
 31476 | Vaults:1 | Bought a potion of agility for 72 gold pieces
 31476 | Vaults:1 | Bought a potion of curing for 54 gold pieces
 31476 | Vaults:1 | Bought a potion of agility for 72 gold pieces
 31476 | Vaults:1 | Bought a potion of heal wounds for 90 gold pieces
 31476 | Vaults:1 | Bought a potion of curing for 54 gold pieces
 31727 | Vaults:1 | Gained mutation: Your body is partially covered in golden eyeballs (Acc +3). [Jiyva's grace]
 31791 | Vaults:1 | Gained mutation: Your flesh is very cold resistant. [Jiyva's grace]
 31913 | Vaults:1 | Gained mutation: Your skin is partially translucent (Stealth, -foe acc). [Jiyva's grace]
 31974 | Vaults:1 | Lost mutation: Your muscles are strong. (Str +2) [Jiyva's grace]
 31987 | Vaults:1 | Gained mutation: Your skin is mostly translucent (Stealth, -foe acc). [Jiyva's grace]
 32036 | Vaults:1 | Got a faintly glowing broad axe {chop}
 32037 | Vaults:1 | Identified the +6 broad axe "Hischagg" {chop, Dex-3 SInv Stlth+} (You took it off an orc wizard on level 1 of the Vaults)
 32069 | Vaults:1 | Lost mutation: You are robust (+10% HP). [Jiyva's grace]
 32072 | Vaults:1 | Reached skill level 15 in Fighting
 32084 | Vaults:1 | Gained mutation: You are partially covered in rugged brown scales (AC +1, +3% HP). [Jiyva's grace]
 32108 | Vaults:1 | Lost mutation: You can spit weak poison. [Jiyva's grace]
 32120 | Vaults:1 | Lost mutation: Your skin is mostly translucent (Stealth, -foe acc). [Jiyva's grace]
 32241 | Vaults:1 | Lost mutation: Your skin is partially translucent (Stealth, -foe acc). [Jiyva's grace]
 32419 | Vaults:2 | Noticed Jory
 32432 | Vaults:2 | Slimified Jory
 32432 | Vaults:2 | Noticed Jory
 32432 | Vaults:2 | Jory changed into Jory the death ooze
 32432 | Vaults:2 | Gained mutation: You have acidic saliva. [Jiyva's grace]
 32537 | Vaults:2 | Got a distressingly furry chain mail
 32562 | Vaults:2 | Identified the cursed +0 chain mail of Irezu {Dex+2} (You found it on level 2 of the Vaults)
 32564 | Vaults:2 | Lost mutation: Your flesh is very cold resistant. [Jiyva's grace]
 32666 | Vaults:2 | Gained mutation: Your body is mostly covered in golden eyeballs (Acc +5). [Jiyva's grace]
 32718 | Vaults:2 | Lost mutation: You are occasionally teleported to nearby monsters. [Jiyva's grace]
 32778 | Vaults:2 | Noticed Norris
 32792 | Vaults:2 | Identified a +3 rod of ignition (10/10) (You found it on level 6 of the Pits of Slime)
 32808 | Vaults:2 | Killed Jory the death ooze
 32813 | Vaults:2 | Killed Norris
 32922 | Vaults:2 | Reached XP level 18. HP: 167/167 MP: 25/25
 32975 | Vaults:2 | Found Fiubaicw's Antique Armour Shoppe.
 32975 | Vaults:2 | Noticed Asterion
 32985 | Vaults:2 | Killed Asterion
 32985 | Vaults:2 | Reached skill level 15 in Dodging
 32993 | Vaults:2 | Bought a pair of runed boots for 193 gold pieces
 33005 | Vaults:2 | Gained mutation: You have sharp fingernails. [Jiyva's grace]
 33049 | Vaults:2 | Noticed Aizul
 33053 | Vaults:2 | Reached skill level 23 in Axes
 33058 | Vaults:2 | Killed Aizul
 33066 | Vaults:2 | Lost mutation: You have an increased reservoir of magic (+10% MP). [Jiyva's grace]
 33563 | Vaults:3 | Found Gyntol's Weapon Shoppe.
 33592 | Vaults:3 | Found a staircase to the Crypt.
 33592 | Vaults:3 | Found a basalt altar of Yredelemnul.
 33593 | Vaults:3 | Found an ancient bone altar of Kikubaaqudgha.
 33897 | Vaults:3 | HP: 8/184 [deep elf priest/a malign offering (12)]
 33898 | Vaults:3 | Gained mutation: You possess an exceptional clarity of mind. [Jiyva's grace]
 33979 | Vaults:3 | Lost mutation: You have acidic saliva. [Jiyva's grace]
 33995 | Vaults:3 | Lost mutation: You possess an exceptional clarity of mind. [Jiyva's grace]
 34000 | Vaults:3 | Lost mutation: Your system is resistant to poisons. [Jiyva's grace]
 34011 | Vaults:3 | Gained mutation: You have a small jelly attached to you that senses nearby items. [Jiyva's grace]
 34018 | Vaults:3 | Lost mutation: Your flesh is cold resistant. [Jiyva's grace]
 34042 | Vaults:3 | Lost mutation: You are covered in fur (AC +1). [Jiyva's grace]
 34219 | Vaults:3 | Gained mutation: You have a pair of large horns on your head. [Jiyva's grace]
 34575 | Vaults:3 | Lost mutation: You have a pair of large horns on your head. [Jiyva's grace]
 34737 | Vaults:4 | Gained mutation: Your body is completely covered in golden eyeballs (Acc +7, SInv). [Jiyva's grace]
 34799 | Vaults:4 | Gained mutation: Armour fits poorly on your large pseudopods. [Jiyva's grace]
 34837 | Vaults:4 | Lost mutation: Armour fits poorly on your large pseudopods. [Jiyva's grace]
 34904 | Vaults:4 | Gained mutation: You are resistant to electric shocks. [Jiyva's grace]
 35088 | Vaults:4 | Reached XP level 19. HP: 168/177 MP: 24/24
 35186 | Vaults:4 | Gained mutation: Your mind is acute. (Int +2) [Jiyva's grace]
 35195 | Vaults:4 | Lost mutation: Your body is completely covered in golden eyeballs (Acc +7, SInv). [Jiyva's grace]
 35226 | Vaults:4 | Gained mutation: You have acidic saliva. [Jiyva's grace]
 35366 | Vaults:4 | Gained mutation: Your flesh is heat resistant. [Jiyva's grace]
 35510 | Vaults:4 | Reached skill level 24 in Axes
 35573 | Vaults:4 | Gained mutation: Your muscles are strong. (Str +2) [Jiyva's grace]
 35705 | Vaults:5 | Entered Level 5 of the Vaults
 35979 | Vaults:5 | Reached skill level 10 in Evocations
 36063 | Vaults:5 | Noticed a golden dragon
 36076 | Vaults:5 | Killed a golden dragon
 36082 | Vaults:5 | Killed from afar by a deep elf high priest

Action                   |  1- 3 |  4- 6 |  7- 9 | 10-12 | 13-15 | 16-18 | 19-21 || total
-------------------------+-------+-------+-------+-------+-------+-------+-------++-------
Melee: War axe           |    80 |   133 |   216 |       |       |       |       ||   429
       Battleaxe         |       |       |    50 |   363 |  1044 |  1250 |   160 ||  2867
       Hand axe          |       |       |       |       |    24 |       |       ||    24
       Broad axe         |       |       |       |       |       |     3 |       ||     3
Invok: Request Jelly     |       |       |       |       |    27 |     9 |       ||    36
       Cure Bad Mutation |       |       |       |       |     1 |     5 |       ||     6
       Slimify           |       |       |       |       |       |     8 |       ||     8
       Jelly Paralyse    |       |       |       |       |       |     3 |       ||     3
 Abil: Stop Flying       |       |       |       |       |       |     1 |       ||     1
Evoke: Wand              |       |       |       |       |     5 |     5 |       ||    10
       Rod               |       |       |       |       |       |     2 |       ||     2
  Use: Scroll            |       |    13 |     6 |     6 |    14 |    15 |       ||    54
       Potion            |       |       |       |     2 |     2 |     7 |    10 ||    21
 Stab: Confused          |       |       |       |       |     2 |    11 |     3 ||    16
  Eat: Chunk             |     1 |     6 |    12 |    13 |    17 |       |       ||    49
       Bread ration      |       |       |     1 |       |       |       |       ||     1
       Meat ration       |       |       |       |     1 |     1 |       |       ||     2
       Beef jerky        |       |       |       |     2 |     4 |       |       ||     6
       Pizza             |       |       |       |       |    11 |       |       ||    11
       Royal jelly       |       |       |       |       |     2 |       |       ||     2
